 Dungeon Crawl Stone Soup version 0.29.1-1-gd02db6906a (webtiles) character file.

Game seed: 12388459750594192007

133 melkoren the Chopper (level 4, -6/41 HPs)
             Began as a Minotaur Berserker on Oct 8, 2022.
             Was a Believer of Trog.
             Mangled by an orc
             ... wielding a +0 war axe
              (8 damage)
             ... on level 3 of the Dungeon.
             The game lasted 00:04:54 (2749 turns).

melkoren the Chopper (Minotaur Berserker)           Turns: 2749, Time: 00:04:55

Health: -6/41      AC:  7    Str: 21    XL:     4   Next: 94%
Magic:  3/3        EV:  9    Int:  4    God:    Trog [**....]
Gold:   77         SH:  0    Dex: 12    Spells: 3/3 levels left

rFire   . . .      SeeInvis .   a - +0 hand axe
rCold   . . .      Faith    .   f - +0 kite shield
rNeg    . . .      Spirit   .   g - +1 scale mail
rPois   .          Reflect  .   (helmet restricted)
rElec   .          Harm     .   (no cloak)
rCorr   .          Rampage  .   (no gloves)
Will    .....                   (no boots)
Stlth   ..........              (no amulet)
HPRegen 0.13/turn               (no ring)
MPRegen 0.08/turn               (no ring)

@: confused
A: horns 2, retaliatory headbutt
a: Renounce Religion, Berserk, Trog's Hand


You were on level 3 of the Dungeon.
You worshipped Trog.
Trog was pleased with you.
You visited 1 branch of the dungeon, and saw 3 of its levels.

You collected 77 gold pieces.

Inventory:

Hand Weapons
 a - a +0 hand axe (weapon)
Armour
 b - a +0 animal skin
 f - a +0 kite shield (worn)
 g - a +1 scale mail (worn)
Jewellery
 c - a ring of flight
Wands
 h - a wand of charming (8)
Scrolls
 d - a scroll of enchant armour
 e - a scroll of teleportation
 j - 2 scrolls of identify
 k - a scroll of summoning {unknown}
 l - a scroll of brand weapon {unknown}
Potions
 i - a potion of resistance


   Skills:
 + Level 4.5 Fighting
 * Level 4.9 Axes
 + Level 3.5 Armour
 + Level 3.3 Dodging


You had 3 spell levels left.
You didn't know any spells.
Your spell library was empty.

Dungeon Overview and Level Annotations

Branches:
Dungeon (3/15)

Altars:


Innate Abilities, Weirdness & Mutations

You have a pair of horns on your head.
You reflexively headbutt those who attack you in melee.


Message History

The orc wizard gestures at you while chanting.
You resist with some effort.
An orc comes into view. It is wielding a +0 hand axe.
The orc hits you but does no damage. The orc closely misses you.
The orc priest hits you but does no damage.
You barely miss the orc priest. You hit the orc but do no damage.
You hit the orc. You miss the orc. You hit the orc but do no damage.
You miss the orc wizard. The orc hits you but does no damage.
The orc wizard hits you but does no damage.
An orc comes into view. It is wielding a +0 flail.
The orc hits you with a +0 war axe. The orc completely misses you.
The orc priest closely misses you. The orc hits you but does no damage.
The orc shouts!
You hit the orc priest.
The orc priest is moderately wounded.
You barely miss the orc. You closely miss the orc wizard.
You closely miss the orc. You hit the orc but do no damage.
You closely miss the orc. The orc barely misses you.
The orc wizard hits you with a +0 dagger.
The orc closely misses you. The orc barely misses you.
The orc priest calls down the wrath of Beogh upon you.
Pain shoots through your body! The orc hits you with a +0 war axe!
* * * LOW HITPOINT WARNING * * *
The orc wizard hits you with a +0 dagger.
* * * LOW HITPOINT WARNING * * *
The orc priest hits you with a +0 hand axe.
* * * LOW HITPOINT WARNING * * *
The orc hits you but does no damage. x3
You hit the orc priest.
The orc priest is heavily wounded.
You hit the orc.
You kill the orc!
Trog accepts your kill.
You hit the orc wizard. You miss the orc. You barely miss the orc. x2
You closely miss the orc. The orc hits you with a +0 club.
* * * LOW HITPOINT WARNING * * *
The orc priest hits you with a +0 hand axe.
* * * LOW HITPOINT WARNING * * *
The orc hits you with a +0 war axe!
You die...

##............#......
.###....#......###......
..........###### #.....#
###....#........###...#
#....#.######. ..##..
#....#<# ### .... ##.
#....###.... .... #.
#...oo...... .... ##
#..)@o..o...
#..ooo.o....
#.......##.. ##......# .
#......# #......#
#....... .........


You could see an orc priest, an orc wizard and 6 orcs.

Vanquished Creatures
  4 gnolls (D:2)
  3 adders
  2 worms
  A dart slug (D:1)
  2 orcs (D:3)
  3 bats
  7 endoplasms
  A giant cockroach (D:1)
  5 goblins (D:1)
  11 hobgoblins
  4 jackals (D:3)
  2 ball pythons
  7 kobolds
  4 rats
56 creatures vanquished.

Vanquished Creatures (others)
  A fungus (D:2)
  4 plants (D:2)
  5 toadstools (D:1)
10 creatures vanquished.

Grand Total: 66 creatures vanquished

Notes
Turn   | Place    | Note
-------+----------+-------------------------------------------
     0 | D:1      | melkoren the Minotaur Berserker began the quest for the
                  | Orb.
     0 | D:1      | Reached XP level 1. HP: 19/19 MP: 0/0
   317 | D:1      | Reached XP level 2. HP: 24/27 MP: 1/1
  1252 | D:2      | Reached XP level 3. HP: 32/33 MP: 2/2
  1653 | D:2      | Reached XP level 4. HP: 34/41 MP: 3/3
  2171 | D:2      | Reached ** piety under Trog
  2206 | D:2      | Found a faded altar of an unknown god.
  2749 | D:3      | HP: 2/41 [orc priest/+0 hand axe (2)]
  2749 | D:3      | Mangled by an orc

Illustrated notes

Levels and vault maps discovered:
D:1:      ldierk_walled_garden, layout_basic, serial_curves, eino_curves_03,
          eino_curves_03, fountainhead
D:2:      layout_basic, shapermc_ecumenical_altar_rom_forum,
          nicolae_kite_square_tiling_tiny
D:3:      layout_basic

Skill      XL: |  1  2  3 |
---------------+----------+-----
Fighting       | 4 |  4.5
Axes           | 4 |  4.9
Armour         | 3 |  3.5
Dodging        | 3 |  3.3

Action                   |  1- 3 |  4- 6 || total
-------------------------+-------+-------++-------
Melee: Hand axe          |    58 |    47 ||   105
       Headbutt          |    12 |    16 ||    28
Invok: Berserk           |       |     1 ||     1
  Use: Scroll            |       |     5 ||     5
Armor: Animal skin       |     3 |       ||     3
       Scale mail        |     9 |    23 ||    32
Dodge: Dodged            |    27 |    33 ||    60
Block: Kite shield       |       |    11 ||    11
